 Dungeon Crawl Stone Soup version 0.20.1-1-g8b1a95d (webtiles) character file.

6504 veneficus the Spear-Bearer (level 11, -5/83 HPs)
             Began as a Merfolk Skald on Nov 7, 2017.
             Was an Initiate of Fedhas.
             Splashed by Sonja's acid (11 damage)
             ... on level 10 of the Dungeon.
             The game lasted 00:34:33 (11415 turns).

veneficus the Spear-Bearer (Merfolk Skald)         Turns: 11415, Time: 00:34:34

Health: -5/83      AC:  4    Str: 12    XL:     11   Next: 0%
Magic:  16/19      EV: 17    Int: 14    God:    Fedhas [......]
Gold:   461        SH:  3    Dex: 15    Spells: 13/21 levels left

rFire    + . .     SeeInvis .   l - +5 spear
rCold    . . .     Gourm    .   L - +0 buckler
rNeg     + . .     Faith    .   C - +1 robe of Yqesuykh {rF+ rN+}
rPois    .         Spirit   .   (no helmet)
rElec    .         Reflect  .   f - +0 cloak
rCorr    .         Harm     .   k - +0 pair of gloves
MR       .....                  A - +0 pair of boots
Stlth    +.........             j - amulet of regeneration
Regen    1.1/turn               (no ring)
MPRegen  0.2/turn               (no ring)

@: lethally poisoned (-5 -> -6), shrouded, infused, corroded, slowed, drained,
very slow
A: change form in water, swift swim, stealthy swim, molten scales 1, mutation
resistance 1, regeneration 1
a: Fungal Bloom, Renounce Religion


You were on level 10 of the Dungeon.
You worshipped Fedhas.
Fedhas was noncommittal.
You were not hungry.

You visited 2 branches of the dungeon, and saw 11 of its levels.

You collected 461 gold pieces.

Inventory:

Hand Weapons
 l - a +5 spear (weapon)
 N - a +0 spear of piercing
Armour
 f - a +0 cloak (worn)
 k - a +0 pair of gloves (worn)
 y - a +0 leather armour of cold resistance
 A - a +0 pair of boots (worn)
 C - the +1 robe of Yqesuykh (worn) {rF+ rN+}
   (You found it on level 4 of the Dungeon)

   It protects you from fire.
   It protects you from negative energy.
 L - a +0 buckler (worn)
Jewellery
 j - an amulet of regeneration (around neck)
Wands
 x - a wand of iceblast (14/15)
 H - a wand of iceblast (9/15)
Scrolls
 b - a scroll of enchant armour {unknown}
 g - 2 scrolls of acquirement {unknown}
 i - 3 scrolls of remove curse
 q - 2 scrolls of amnesia {unknown}
 r - 7 scrolls of teleportation
 s - a scroll of random uselessness {unknown}
 u - 2 scrolls of blinking {unknown}
 w - 2 scrolls of enchant weapon
 z - 2 scrolls of recharging
 B - 2 scrolls of fog {unknown}
 E - 3 scrolls of magic mapping {unknown}
 G - a scroll of immolation {unknown}
 I - a scroll of silence {unknown}
 Q - 2 scrolls of identify
Potions
 a - a potion of cancellation {unknown}
 e - a potion of brilliance
 h - 4 potions of curing
 m - 2 potions of might
 o - 2 potions of degeneration {unknown}
 p - a potion of agility
 t - a potion of invisibility
 v - 2 potions of ambrosia
 F - 2 potions of heal wounds
 J - a potion of resistance {unknown}
 K - 2 potions of flight
 O - 3 potions of haste
Books
 c - a book of Battle

   Spells                             Type                      Level
   a - Infusion                       Charms                       1
   b - Shroud of Golubria             Charms/Translocation         2
   c - Song of Slaying                Charms                       2
   d - Spectral Weapon                Hexes/Charms                 3
   e - Regeneration                   Charms/Necromancy            3
Comestibles
 d - 7 bread rations
 n - 3 meat rations
 D - a fruit
 P - a royal jelly


   Skills:
 + Level 6.8(6.7) Fighting
 - Level 10.0(9.9) Polearms
 + Level 4.3(4.1) Armour
 + Level 8.4(8.2) Dodging
 + Level 5.6(5.5) Spellcasting
 + Level 9.1(8.9) Charms
 - Level 3.8(3.7) Translocations


You had 13 spell levels left.
You knew the following spells:

 Your Spells              Type           Power        Failure   Level  Hunger
a - Infusion              Chrm           ####         1%          1    None
b - Shroud of Golubria    Chrm/Tloc      ###.......   3%          2    ##.....
c - Song of Slaying       Chrm           ####....     1%          2    ##.....
d - Regeneration          Chrm/Necr      ###.......   13%         3    ###....


Dungeon Overview and Level Annotations

Branches:
Dungeon (10/15)            Temple (1/1) D:7
   Lair: D:8-11         Orc: D:9-12

Altars:
Ashenzari
Cheibriados
Dithmenos
Elyvilon
Fedhas
Gozag
Kikubaaqudgha
Qazlal
Ru
Sif Muna
Trog
Uskayaw
Vehumet
Yredelemnul

Shops:
D:6 =

Annotations:
D:10 Nergalle, Sonja


Innate Abilities, Weirdness & Mutations

You revert to your normal form in water.
You are very nimble and swift while swimming.
You are very stealthy in the water. (Stealth+)
You are partially covered in molten scales. (AC +2)
You are somewhat resistant to further mutation.
Your natural rate of healing is unusually fast.


Message History

Spoiler Alert: Sonja shoots Curare needles and will probably banish you in melee!
You miss Sonja.
Sonja gestures wildly while chanting.
Sonja blinks!
You feel sick.
You are too injured to fight recklessly!
You are too injured to fight recklessly!
Spoiler Alert: Sonja shoots Curare needles and will probably banish you in melee!
You are too injured to fight recklessly!
You are too injured to fight recklessly!
You hit Sonja.
Sonja gestures wildly while chanting.
Sonja blinks!
You now have 16/19 mp.
Spoiler Alert: Sonja shoots Curare needles and will probably banish you in melee!
Sonja zaps a wand.
The bolt of acid hits you!
* * * LOW HITPOINT WARNING * * *
You are splashed with acid!
The acid burns!
You die...
Fedhas appreciates your contribution to the ecosystem.

..
##...###>#
##..# #.#
#..###.#
#......#
##.#####
#.# #ยง#
#.# #@#
#K#
K.......#
...######


You could see Sonja.

Vanquished Creatures
  Pikel (D:4)
  An ugly thing (D:10)
  Joseph (D:7)
  A troll (D:9)
  Prince Ribbit (D:8)
  A hippogriff (D:10)
  Sigmund (D:3)
  A hungry ghost (D:7)
  A wandering mushroom (D:10)
  Edmund (D:4)
  Menkaure (D:4)
  Duvessa (D:7)
  4 orc warriors
  3 slaves (D:4)
  An ice beast (D:7)
  2 sky beasts
  2 black bears
  4 centaurs
  2 ogres
  A big kobold (D:10)
  3 bullfrogs
  A gnoll sergeant (D:9)
  A wyvern zombie (D:9)
  2 scorpions
  Dowan (D:7)
  9 killer bees
  2 howler monkeys
  2 hounds (D:5)
  A centaur zombie (D:8)
  3 jellies
  8 orc priests
  Ijyb (D:3)
  2 bullfrog skeletons
  8 orc wizards
  2 centaur skeletons
  An iguana (D:7)
  4 worker ants
  A killer bee zombie (D:8)
  A gnoll (D:9)
  A howler monkey skeleton (D:6)
  10 adders
  2 shadow imps
  2 oozes
  An adder skeleton (D:9)
  4 worms
  7 leopard geckos
  36 orcs
  A giant cockroach (D:3)
  7 goblins
  4 hobgoblins
  9 jackals
  5 quokkas
  A ball python (D:1)
  9 bats
  7 frilled lizards
  A jackal skeleton (D:4)
  15 kobolds
  A leopard gecko skeleton (D:4)
  A quokka zombie (D:6)
  10 rats
218 creatures vanquished.

Vanquished Creatures (collateral kills)
  An unseen horror (D:9)
  A black bear (D:9)
  A hornet zombie (D:9)
  2 ogres
  A water moccasin skeleton (D:9)
  2 killer bees (D:9)
  3 wights (D:8)
  2 orc wizards (D:9)
  An iguana (D:9)
  A worker ant (D:9)
  2 gnolls (D:9)
  8 orcs (D:9)
  A quokka (D:9)
26 creatures vanquished.

Vanquished Creatures (others)
  9 wandering mushrooms
  70 toadstools
79 creatures vanquished.

Grand Total: 323 creatures vanquished

Notes
Turn   | Place    | Note
-------+----------+-------------------------------------------
     0 | D:1      | veneficus the Merfolk Skald began the quest for the Orb.
     0 | D:1      | Reached XP level 1. HP: 16/16 MP: 3/3
   181 | D:1      | Reached XP level 2. HP: 19/22 MP: 5/5
   229 | D:1      | Learned a level 2 spell: Shroud of Golubria
   930 | D:1      | Reached skill level 4 in Polearms
  1004 | D:2      | Reached XP level 3. HP: 27/27 MP: 6/6
  1784 | D:2      | Reached skill level 1 in Translocations
  2087 | D:2      | Reached XP level 4. HP: 33/33 MP: 7/7
  2243 | D:2      | Found an ancient bone altar of Kikubaaqudgha.
  2297 | D:2      | Found a radiant altar of Vehumet.
  2700 | D:3      | Learned a level 2 spell: Song of Slaying
  2713 | D:3      | Reached skill level 5 in Polearms
  2770 | D:3      | Noticed Ijyb
  2797 | D:3      | Killed Ijyb
  2851 | D:3      | Reached XP level 5. HP: 22/38 MP: 8/8
  3368 | D:3      | Found a stormy altar of Qazlal.
  3379 | D:3      | Found a basalt altar of Yredelemnul.
  3379 | D:3      | Noticed Sigmund
  3428 | D:4      | Reached skill level 6 in Polearms
  3594 | D:4      | Noticed an ogre
  3610 | D:4      | Killed an ogre
  3610 | D:4      | Reached XP level 6. HP: 44/44 MP: 9/9
  3711 | D:4      | Noticed Edmund
  3727 | D:4      | Killed Edmund
  3727 | D:4      | Reached skill level 7 in Polearms
  3727 | D:4      | Reached skill level 5 in Charms
  4061 | D:3      | Learned a level 3 spell: Regeneration
  4120 | D:3      | Killed Sigmund
  4120 | D:3      | Reached skill level 8 in Polearms
  4120 | D:3      | Reached XP level 7. HP: 35/50 MP: 0/10
  4222 | D:3      | Found a shadowy altar of Dithmenos.
  4440 | D:4      | Noticed Menkaure
  4457 | D:4      | Killed Menkaure
  4719 | D:4      | Got a wizard robe
  4733 | D:4      | Identified the +1 robe of Yqesuykh {rF+ rN+} (You found it on level 4 of the Dungeon)
  4763 | D:4      | Found an opulent altar of Gozag.
  4809 | D:4      | Noticed Pikel
  4825 | D:4      | Killed Pikel
  4825 | D:4      | Reached skill level 10 in Polearms
  4825 | D:4      | Reached XP level 8. HP: 32/56 MP: 4/11
  5044 | D:5      | Entered Level 5 of the Dungeon
  5156 | D:5      | Reached skill level 1 in Armour
  5734 | D:5      | Found a bloodstained altar of Trog.
  6399 | D:6      | Found a white marble altar of Elyvilon.
  6455 | D:6      | Reached XP level 9. HP: 64/64 MP: 8/13
  6615 | D:6      | Found Coet Doj's Jewellery Boutique.
  7268 | D:7      | Gained mutation: Your body sometimes deteriorates upon taking damage. [potion of mutation]
  7268 | D:7      | Gained mutation: You are partially covered in molten scales. (AC +2) [potion of mutation]
  7269 | D:7      | Lost mutation: Your body sometimes deteriorates upon taking damage. [potion of mutation]
  7269 | D:7      | Gained mutation: You are somewhat resistant to further mutation. [potion of mutation]
  7269 | D:7      | Gained mutation: Your natural rate of healing is unusually fast. [potion of mutation]
  7314 | D:7      | Noticed Dowan
  7322 | D:7      | Noticed Duvessa
  7335 | D:7      | Killed Dowan
  7355 | D:7      | Killed Duvessa
  7355 | D:7      | Reached skill level 5 in Dodging
  7787 | D:7      | Noticed Joseph
  7814 | D:7      | Killed Joseph
  8059 | D:7      | Found a staircase to the Ecumenical Temple.
  8076 | Temple   | Entered the Ecumenical Temple
  8086 | Temple   | Became a worshipper of Fedhas Madash
  8246 | D:7      | Reached skill level 5 in Fighting
  8438 | D:7      | Reached XP level 10. HP: 69/74 MP: 16/16
  8663 | D:8      | Reached * piety under Fedhas
  8825 | D:8      | Noticed Prince Ribbit
  8837 | D:8      | Killed Prince Ribbit
 10160 | D:9      | Killed an unseen horror
 10160 | D:9      | Reached skill level 5 in Spellcasting
 10462 | D:9      | Found a snail-covered altar of Cheibriados.
 10558 | D:10     | Entered Level 10 of the Dungeon
 10596 | D:10     | Noticed a white ugly thing
 10919 | D:10     | Killed a white ugly thing
 11253 | D:10     | Noticed Nergalle
 11363 | D:10     | Reached XP level 11. HP: 83/83 MP: 19/19
 11400 | D:10     | Noticed Sonja
 11415 | D:10     | Splashed by Sonja's acid

Skill      XL: |  1  2  3  4  5  6  7  8  9 10 |
---------------+-------------------------------+-----
Polearms       | 4 5 6 8 10 | 10.0
Charms         | 4 5 6 8 9 |  9.1
Translocations | 1 2 3 |  3.8
Armour         | 1 3 4 |  4.3
Dodging        | 4 6 8 |  8.4
Fighting       | 3 5 6 |  6.8
Spellcasting   | 4 5 |  5.6

Action                   |  1- 3 |  4- 6 |  7- 9 | 10-12 || total
-------------------------+-------+-------+-------+-------++-------
Melee: Spear             |   138 |   145 |   473 |   296 ||  1052
 Cast: Infusion          |     3 |     7 |    11 |     9 ||    30
       Shroud of Golubri |     1 |     2 |     9 |     4 ||    16
       Song of Slaying   |       |       |     1 |       ||     1
Invok: Fungal Bloom      |       |       |     3 |    31 ||    34
       Evolution         |       |       |       |    10 ||    10
  Use: Scroll            |       |     6 |     4 |     4 ||    14
       Potion            |       |     1 |     4 |     2 ||     7
 Stab: Sleeping          |       |     1 |     3 |     2 ||     6
       Distracted        |       |       |     1 |     3 ||     4
       Confused          |       |       |       |     4 ||     4
  Eat: Chunk             |     4 |     6 |    12 |     1 ||    23
       Meat ration       |       |       |     1 |     2 ||     3
       Royal jelly       |       |       |       |     1 ||     1
Armor: Leather armour    |    35 |    39 |     7 |       ||    81
       Robe              |       |       |    52 |    44 ||    96
Dodge: Dodged            |    68 |    65 |   151 |   161 ||   445
Block: Buckler           |       |       |       |    22 ||    22
